 Dungeon Crawl Stone Soup version 0.21.1-1-g345015f (webtiles) character file.

44 Monsterracer the Chiller (level 3, -5/26 HPs)
             Began as a Draconian Ice Elementalist on Feb 8, 2018.
             Slain by a gnoll
             ... wielding a +0 club
              (9 damage)
             ... on level 2 of the Dungeon.
             The game lasted 00:02:45 (1409 turns).

Monsterracer the Chiller (DrIE)                     Turns: 1409, Time: 00:02:46

Health: -5/26      AC:  6    Str: 10    XL:     3   Next: 41%
Magic:  1/6        EV: 12    Int: 16    God:
Gold:   72         SH:  0    Dex: 11    Spells: 1/7 levels left

rFire    . . .     SeeInvis .   b - +0 short sword
rCold    . . .     Gourm    .   (no shield)
rNeg     . . .     Faith    .   (armour unavailable)
rPois    .         Spirit   .   (helmet restricted)
rElec    .         Reflect  .   (no cloak)
rCorr    .         Harm     .   h - +0 pair of gloves (curse)
MR       .....                  (no boots)
Stlth    ++........             (no amulet)
HPRegen  0.08/turn              g - +1 ring of slaying
MPRegen  0.10/turn              (no ring)

@: no status effects
A: unfitting armour, cold-blooded, AC +5
a: no special abilities


You were on level 2 of the Dungeon.
You were not hungry.

You visited 1 branch of the dungeon, and saw 2 of its levels.

You collected 72 gold pieces.

Inventory:

Hand Weapons
 b - a +0 short sword (weapon)
Armour
 h - a cursed +0 pair of gloves (worn)
Jewellery
 g - a +1 ring of slaying (left hand)
Scrolls
 d - a scroll of noise {unknown}
 e - a scroll of remove curse {unknown}
 j - 2 scrolls of fog {unknown}
Potions
 i - a potion of magic {unknown}
Books
 a - a book of Frost

   Spells                             Type                      Level
   a - Freeze                         Ice                          1
   b - Throw Frost                    Conjuration/Ice              2
   c - Ozocubu's Armour               Charms/Ice                   3
   d - Throw Icicle                   Conjuration/Ice              4
   e - Summon Ice Beast               Ice/Summoning                4
Comestibles
 c - 5 rations


   Skills:
 - Level 1.7 Dodging
 - Level 1.7 Stealth
 + Level 2.5 Spellcasting
 + Level 1.1 Conjurations
 * Level 4.0 Ice Magic


You had one spell level left.
You knew the following spells:

 Your Spells              Type           Power        Failure   Level  Hunger
a - Freeze                Ice            ###.         3%          1    #......
b - Throw Frost           Conj/Ice       ##....       10%         2    ##.....
c - Ozocubu's Armour      Chrm/Ice       #.......     26%         3    ###....


Dungeon Overview and Level Annotations

Branches:
Dungeon (2/15)

Altars:


Innate Abilities, Weirdness & Mutations

Your plain brown scales are hard. (AC +5)
You cannot fit into any form of body armour.
You are cold-blooded and may be slowed by cold attacks.


Message History

You feel sick.
You feel sick.
You feel sick.
You are no longer poisoned.
You are feeling hungry.
You take 2 damage, and have 16/26 hp.
Magic restored.
A gnoll comes into view. It is wielding a halberd of chopping.
You regained 7 hp, and now have 23/26 hp.
MP restored: 6 A gnoll is nearby!
You see here an adder corpse.
You butcher the adder corpse.
The gnoll shouts!
You see here a chunk of flesh.
k - a chunk of flesh Eat a chunk of flesh? (ye/n/q)
You eat the chunk of flesh.
This raw flesh tastes terrible.
Cast which spell? (? or * to list)
Okay, then.
You see here a dagger.
A gnoll comes into view. It is wielding a halberd.
The gnoll closely misses you.
There is a large open door here.
You see here a dagger.
There is a fountain of clear blue water here.
Unknown command.
The gnoll hits you from afar with a halberd of chopping.
You take 2 damage, and have 22/26 hp.
The gnoll closely misses you.
Cast which spell? (? or * to list)
Aiming: Freeze
Press: ? - help, Shift-Dir - straight line, f - gnoll
Aim: a gnoll, wielding a halberd of chopping You freeze the gnoll.
The gnoll is moderately wounded.
A gnoll comes into view. It is wielding a club.
You now have 5/6 mp.
Casting: Freeze
Confirm with . or Enter, or press ? or * to list all spells.
Aiming: Freeze
Press: ? - help, Shift-Dir - straight line, f/p - gnoll
Aim: a gnoll, wielding a halberd of chopping (moderately wounded)
You freeze the gnoll.
The gnoll is severely wounded.
The gnoll shouts!
The gnoll hits you with a halberd of chopping!
* * * LOW HITPOINT WARNING * * *
You take 10 damage, and have 13/26 hp.
MASSIVE DAMAGE!!
You now have 4/6 mp.
Casting: Freeze
Confirm with . or Enter, or press ? or * to list all spells.
Aiming: Freeze
Press: ? - help, Shift-Dir - straight line, f/p - gnoll
Aim: a gnoll, wielding a halberd of chopping (severely wounded)
You freeze the gnoll.
You kill the gnoll!
Your Ice Magic skill increases to level 4!
You now have 3/6 mp.
Unknown command.
You start resting.
Casting: Freeze
Confirm with . or Enter, or press ? or * to list all spells.
Aiming: Freeze
Press: ? - help, Shift-Dir - straight line, f - gnoll
Aim: a gnoll, wielding a halberd (hasn't noticed you)
You freeze the gnoll.
The gnoll shouts!
The gnoll is lightly wounded.
The gnoll closely misses you. The gnoll hits you but does no damage.
You now have 2/6 mp.
Casting: Freeze
Confirm with . or Enter, or press ? or * to list all spells.
Aiming: Freeze
Press: ? - help, Shift-Dir - straight line, f/p - gnoll
Aim: a gnoll, wielding a halberd (lightly wounded)
You freeze the gnoll.
The gnoll is moderately wounded.
The gnoll hits you with a halberd.
* * * LOW HITPOINT WARNING * * *
You take 3 damage, and have 10/26 hp.
You now have 1/6 mp.
Casting: Freeze
Confirm with . or Enter, or press ? or * to list all spells.
Aiming: Freeze
Press: ? - help, Shift-Dir - straight line, f/p - gnoll
Aim: a gnoll, wielding a halberd (moderately wounded)
You freeze the gnoll.
The gnoll is almost dead.
The gnoll hits you with a club.
* * * LOW HITPOINT WARNING * * *
You take 1 damage, and have 9/26 hp.
You now have 0/6 mp.
You hit the gnoll but do no damage.
The gnoll is almost dead.
The gnoll hits you with a halberd!
* * * LOW HITPOINT WARNING * * *
The gnoll completely misses you.
You take 7 damage, and have 2/26 hp.
MASSIVE DAMAGE!!
It was a potion of curing.
You feel better. The gnoll hits you with a halberd.
* * * LOW HITPOINT WARNING * * *
The gnoll hits you with a club!
You die...

################## #..
#.....#..)...>...# #.#
#.###...########.# #.###
#.##############.######.##.
######.g.#......##...........##.
#........#.♣.♣♣.##.##..##.#.....
#.####...'.♣.⌠).##.##...#.#.....
#...').⌠.♣g##........#.....
#####.♣♣.♣@######......#.).
#....g.# ##.#####... ########
#.# #... #.# #... #.# #### ..#
###### ... ...... ..# ..####
.#.#


You could see 2 gnolls.

Vanquished Creatures
  A gnoll (D:2)
  An adder (D:2)
  3 bats
  A giant cockroach (D:1)
  3 goblins
  3 hobgoblins (D:1)
  9 kobolds
  A frilled lizard (D:1)
  5 rats
27 creatures vanquished.

Notes
Turn   | Place    | Note
-------+----------+-------------------------------------------
     0 | D:1      | Monsterracer the Draconian Ice Elementalist began the quest for the Orb.
     0 | D:1      | Reached XP level 1. HP: 14/14 MP: 3/3
   177 | D:1      | Reached XP level 2. HP: 17/20 MP: 3/5
  1265 | D:2      | Reached XP level 3. HP: 20/26 MP: 2/6
  1270 | D:2      | Learned a level 2 spell: Throw Frost
  1274 | D:2      | Learned a level 3 spell: Ozocubu's Armour
  1400 | D:2      | HP: 13/26 [gnoll/halberd of chopping (2)]
  1401 | D:2      | Reached skill level 4 in Ice Magic
  1406 | D:2      | HP: 10/26 [gnoll/halberd (3)]
  1408 | D:2      | HP: 2/26 [gnoll/halberd (7)]
  1409 | D:2      | Slain by a gnoll

Skill      XL: |  1  2  3 |
---------------+----------+-----
Ice Magic      | 4 |  4.0
Dodging        | |  1.7
Stealth        | |  1.7
Spellcasting   | |  2.5
Conjurations   | |  1.1

Action                   || total
-------------------------++-------
Melee: Unarmed           ||     7
       Short sword       ||    23
       Tailslap          ||     2
 Cast: Freeze            ||    31
  Use: Potion            ||     1
 Stab: Sleeping          ||     4
  Eat: Chunk             ||     2
Armor: Skin              ||    16
Dodge: Dodged            ||    42

Vault maps used:
D:1:      dpeg_arrival_tiny_i, minmay_misc_feat_roman
D:2:      overflow_temple_1_default, hangedman_decor_push, grunt_ministairs_7,
          kennysheep_generic_room_12
